Arrhythmia, chaotic female vampiric Convict ---- ---- ---- |..---------..- ---- |..| --....(.%.|)....---..------- ---- --... 0...%..................)....| ---. --..-- |...-- |.....---.........---..---.--- |... |....| |....| ---..---- ---.-.....---... -...| |... --*..| |...-- |...-- |............. .--.---... |.|.---########....- --|.--- ---............ |....... --|.*.|## -.|. ---.|.-- |.............. ---..... ---.-.- ..| |......| ----.)............ --....- --|...| |.| ---.|...-- ---..=*............. |.....-- --.....--- |.| |...|-..| |......%........... --...).| |......).|-..--.-...>.-|...| |....)............. |.....-- --....[%.|...........|#--.-- ---------.......... --...... |..............-..--- --- --...<..... --.I..... --....%.).....||...| ---...(...... |......^. ---...%...------..| --.........M.- --.%...). ---..%.-- ---- |............. ----.... ---.-- .|.|.........- |.... --- ----.-----.-- ---.. --- --- Arrhythmia the Jail-bird Experience level: 8 Strength: 17 Dexterity: 15 Constitution: 16 Intelligence: 14 Wisdom: 8 Charisma: 6 Health: 0(59) Energy: 45(45) AC: 5 Gold: 340 Moves: 3731 Your Inventory: Coins $ - 340 gold pieces Armor b - an uncursed +0 striped shirt (being worn) h - an uncursed +0 dwarvish cloak (being worn) i - an uncursed +1 pair of iron shoes (being worn) l - an uncursed rotted +0 pair of leather gloves (being worn) q - an uncursed +0 dwarvish iron helm (being worn) Potions z - an [uncursed] puce potion [of see invisible] A - a [cursed] puce potion [of see invisible] Rings y - an uncursed ring of regeneration Wands d - an uncursed wand of slow monster (0:5) s - an uncursed wand of digging (0:5) Tools j - an uncursed +0 pick-axe B - an [uncursed +0] unicorn horn Gems u - an uncursed jacinth stone Iron balls c - an uncursed heavy iron ball (weapon in hand) Spells known in the end: Name Level Category Fail Memory Your skills at the end: Fighting Skills Weapon Skills sling [Basic / Skilled] Spellcasting Skills Final Attributes: You were piously aligned. Hunger level was 238. Your alignment was 27 / 28. Monster difficulty range was 1 - 7. Level difficulty was 7. You were immune to poison. You were immune to level-drain. You were immune to sickness. You were invisible. You could fly. You could survive without air. You regenerated. Your luck was zero. You are dead. Vanquished creatures: a large dog a gnome king a brown pudding a jaguar a gray unicorn a soldier ant 3 fire ants a rock piercer a fog cloud 7 gnome lords 2 gnomish wizards 8 dwarves a rothe a dwarf zombie an iguana an acid blob 4 hobbits a hobgoblin 6 giant rats a cave spider a yellow mold 2 red molds 43 gnomes a gecko 5 jackals a sewer rat 5 grid bugs 2 bats 5 lichens a newt 110 creatures vanquished. Voluntary challenges: You went without food. You never hit with a wielded weapon. You read items or engraved 8 times. You put on armor 12 times. You never genocided any monsters. You never polymorphed an object. You never changed form. You used no wishes. You abstained from Elbereth's help. You never encountered a bones level. You never used any Sokoban shortcuts. Dungeon overview: The Dungeons of Doom: levels 1 to 2 Level 1 a fountain a long staircase Level 2 an armor shop, some fountains stairs to The Gnomish Mines The Gnomish Mines: levels 3 to 7 Level 3 stairs to The Dungeons of Doom Level 6 many shops, a temple, a magic chest, some fountains Level 7 <- You were here History has recorded: On T:1 you entered the Dungeons of Doom to retrieve the Amulet of Yendor! On T:330 you reached level 2 of The Dungeons of Doom. On T:632 you advanced to experience level 2. On T:674 you advanced to experience level 3. On T:800 you reached level 1 of The Gnomish Mines. On T:809 you advanced to experience level 4. On T:1075 you advanced to experience level 5. On T:1400 you reached level 2 of The Gnomish Mines. On T:1404 you advanced to experience level 6. On T:1580 you reached level 3 of The Gnomish Mines. On T:1644 you advanced to experience level 7. On T:2312 you advanced to experience level 8. On T:2591 you reached level 4 of The Gnomish Mines. On T:3252 you reached level 5 of The Gnomish Mines. Latest messages: B - a unicorn horn. You see here a crude dagger. Your surroundings suddenly seem different. The human mummy hits! (2x) [HP-13=46] The human mummy hits! (2x) [HP-7=39] [HP+1=40] [HP+1=41] [HP+1=42] The human mummy hits! (2x) [HP-9=33] You miss the human mummy. You bite the human mummy. The human mummy hits! (2x) [HP-12=21] You miss the human mummy. (2x) The human mummy hits! (2x) [HP-13=8] You miss the human mummy. You bite the human mummy. The human mummy hits! (2x) You die... Final status: Goodbye Arrhythmia the Convict... You died in The Gnomish Mines on dungeon level 7 with 3954 points, and 340 pieces of gold, after 3731 moves. You were level 8 with a maximum of 59 hit points when you died.